 Dungeon Crawl Stone Soup version 0.19-a0-594-g235f30c (webtiles) character file.

414514 yesno the Shatterer (level 23, -6/137 HPs)
             Began as a Gargoyle Berserker on June 10, 2016.
             Was a High Priest of Trog.
             Mangled by an ogre
             ... wielding a +0 giant club
              (9 damage)
             ... on level 1 of the Depths on June 11, 2016.
             The game lasted 04:22:02 (41264 turns).

yesno the Shatterer (Gargoyle Berserker)           Turns: 41264, Time: 04:22:02

Health: -6/137     AC: 48    Str: 24      XL:     23   Next: 23%
Magic:  23/23      EV: 18    Int:  7 (8)  God:    Trog [*****.]
Gold:   4234       SH:  0    Dex: 16      Spells: 0 memorised, 22 levels left

rFire  + + .     SeeInvis .     a - +12 great mace of the Lair of Beasts {freeze, Dex+4}
rCold  . . .     Gourm    .     g - +0 chain mail of Hide-and-Seek {rF++ rN+++ MR- Int-2}
rNeg   + + +     Faith    +     (shield currently unavailable)
rPois  ∞         Spirit   .     y - +2 helmet
rElec  +         Dismiss  .     w - +2 cloak {MR+}
rCorr  .         Reflect  .     n - +2 pair of gloves
SustAt .         Harm     .     f - +2 pair of boots
MR     +++..                    R - amulet of faith
Stlth  ..........               u - ring of protection from magic
                                l - ring of protection from magic

@: exhausted, slowed, very slow, extremely resistant to hostile enchantments,
extremely unstealthy
A: big wings, frail 1, negative energy resistance 1, electricity resistance,
weak 1, unbreathing, petrification resistance, rot immunity, AC +17
a: Fly, Berserk, Trog's Hand, Brothers in Arms, Burn Spellbooks, Renounce
Religion
}: 3/15 runes: barnacled, silver, gossamer


You were on level 1 of the Depths.
You worshipped Trog.
Trog was extremely pleased with you.
You were near starving.

You visited 9 branches of the dungeon, and saw 44 of its levels.

You collected 7056 gold pieces.
You spent 2822 gold pieces at shops.

Inventory:

Hand Weapons
 a - the +12 great mace of the Lair of Beasts (weapon) {freeze, Dex+4}
   (Trog gifted it to you on level 12 of the Dungeon)

   It has been specially enchanted to freeze those struck by it, causing extra
   injury to most foes and up to half again as much damage against particularly
   susceptible opponents.
   It can also slow down cold-blooded creatures.
   It affects your dexterity (+4).
 b - a +7 antimagic great mace
 N - a +3 great mace of holy wrath
Missiles
 r - 19 javelins of penetration
 s - 3 throwing nets
 B - 8 steel tomahawks
 C - 10 javelins of returning (quivered)
 D - 2 silver javelins
 Z - 3 tomahawks of dispersal
Armour
 f - a +2 pair of boots (worn)
 g - the +0 chain mail of Hide-and-Seek (worn) {rF++ rN+++ MR- Int-2}
   (You bought it in a shop on level 2 of the Orcish Mines)

   It affects your intelligence (-2).
   It greatly protects you from fire.
   It renders you almost immune to negative energy.
   It affects your resistance to hostile enchantments.
 h - the +1 chain mail of Spring {Regen+ Str-3 Int-4 Dex+8}
   (You found it on level 2 of the Spider Nest)

   It affects your strength (-3).
   It affects your intelligence (-4).
   It affects your dexterity (+8).
   It increases your rate of regeneration.
 n - a +2 pair of gloves (worn)
 w - a +2 cloak of magic resistance (worn)
 y - a +2 helmet (worn)
Jewellery
 l - a ring of protection from magic (left hand)
 u - a ring of protection from magic (right hand)
 G - an uncursed ring of protection from cold
 Q - a +3 amulet of reflection
 R - an amulet of faith (around neck)
 S - the ring "Deyfi" {SustAt Str+6}
   (You found it on level 1 of the Vaults)

   [ring of sustain attributes]

   It sustains your strength, intelligence and dexterity.
   It affects your strength (+6).
 X - an uncursed ring of resist corrosion
Wands
 d - a wand of polymorph (10/24)
 j - a wand of heal wounds (0/9)
 m - a wand of disintegration (12/24)
 o - a wand of acid (5/15)
 t - a wand of hasting (6/9)
 E - a wand of disintegration (8/24)
 H - a wand of teleportation (7/9)
 L - a wand of slowing (33/48)
 Y - a wand of digging (15/24)
Scrolls
 i - 8 scrolls of fog
 z - 14 scrolls of magic mapping
 I - 2 scrolls of enchant armour
 M - 2 scrolls of holy word
 O - 2 scrolls of teleportation
 U - 10 scrolls of remove curse
 W - 7 scrolls of identify
Potions
 k - 2 potions of cancellation
 q - 5 potions of ambrosia
 x - 3 potions of cure mutation
 A - 4 potions of magic
 F - 2 potions of resistance
 P - 2 potions of agility
 V - a potion of haste
Comestibles
 c - 5 bread rations
 e - 2 beef jerkies
 v - 2 royal jellies
 K - 41 fruits


   Skills:
 + Level 18.9 Fighting
 - Level 22.2 Maces & Flails
 - Level 9.8 Throwing
 + Level 20.9 Armour
 + Level 14.5 Dodging


You had 22 spell levels left.
You didn't know any spells.

Dungeon Overview and Level Annotations

Branches:
Dungeon (15/15)            Temple (0/1) D:7            Lair (6/6) D:11
 Shoals (4/4) Lair:3       Spider (4/4) Lair:4        Slime (4/5) Lair:5
    Orc (2/2) D:12            Elf (3/3) Orc:2        Vaults (5/5) D:13
  Crypt (0/3) Vaults:2     Depths (1/5) D:15

Altars:
Ashenzari
Fedhas
Gozag
Hepliaklqana
Kikubaaqudgha
Makhleb
Ru
Uskayaw
Vehumet
Yredelemnul
Zin
The Shining One
Beogh

Shops:
D:9 (   D:11 =   Orc:2 ![}!   Elf:2 ?   Vaults:3 (   Vaults:4 ?:?=(

Annotations:
D:12 Frances
Lair:2 exclusion: oklob plant
Lair:6 exclusion: 4 doors
Shoals:1 exclusion: Roxanne, Roxanne
Shoals:2 Aizul
Elf:2 5 runed doors


Innate Abilities, Weirdness & Mutations

You are resistant to torment.
Your stone body is resilient. (AC +17)
You are immune to poison.
Your large and strong wings let you fly indefinitely.
You resist negative energy. (rN+)
You are resistant to electric shocks. (rElec)
You can survive without breathing.
You are immune to petrification.
You are immune to rotting.
You are frail. (-10% HP)
You are weak. (Str -2)


Message History

The ogre misses you.
The titanic slime creature hits you but does no damage.
The slime creature misses you.
You bludgeon the titanic slime creature!!
You freeze the titanic slime creature.
The titanic slime creature is severely wounded.
You are near starving!
The slime creature hits you but does no damage.
The ogre closely misses you. The titanic slime creature hits you!!
The ogre mage casts a spell at the ogre.
The ogre seems to speed up.
The slime creature closely misses you.
You bludgeon the titanic slime creature!!
You freeze the titanic slime creature!
The titanic slime creature is almost dead.
The ogre misses you.
The slime creature hits you but does no damage.
The titanic slime creature hits you!!!
* * * LOW HITPOINT WARNING * * *
The ogre hits you with a giant club!
You die...

##
.J.############
..u....?....c..
..u........c...
#..# #JJ# #O@#
#OJ# #OO# ..O.
...... .....).#
#.#####.# .. .#


You could see a titanic slime creature, 2 slime creatures, an ogre mage and 4
ogres.

Vanquished Creatures
  Boris (Vaults:4)
  Saint Roka (Vaults:1)
  2 golden dragons (Vaults:5)
  Rupert (Lair:4)
  4 tentacled monstrosities (Vaults:5)
  Jorgrun (Spider:3)
  Asterion (Vaults:1)
  A lich (Vaults:5)
  The ghost of jerkstore the Bludgeoner, an adept FoFi of Cheibriados (Spider:4)
  A deep elf blademaster (Elf:3)
  4 acid blobs
  2 titans (Vaults:5)
  2 deep elf master archers (Elf:3)
  A kraken (Shoals:1)
  6 sphinxes (Vaults:5)
  2 storm dragons (Vaults:5)
  3 tengu reavers (Vaults:5)
  Kirke (Shoals:3)
  A shadow dragon (Vaults:5)
  3 azure jellies
  3 deep elf sorcerers
  4 fire giants
  8 frost giants
  2 orc warlords
  An iron dragon (Vaults:5)
  17 vault wardens
  2 emperor scorpions
  3 ghost moths (Spider:4)
  14 ironheart preservers
  5 very ugly things
  3 deep elf elementalists
  The ghost of moose the Severer, a journeyman DsCK of Uskayaw (D:12)
  6 stone giants
  5 deep elf demonologists
  5 deep elf annihilators
  2 spark wasps (Spider:4)
  8 deep elf death magi
  4 ettins (Vaults:5)
  2 crystal guardians (Vaults:5)
  4 merfolk javelineers
  9 yaktaur captains
  3 deep elf high priests
  11 merfolk impalers
  32 vault guards
  6 great orbs of eyes
  Erolcha (D:13)
  2 alligator snapping turtles
  5 hydras
  6 centaur warriors
  5 merfolk aquamancers
  2 merfolk avatars
  15 dancing weapons
  9 ogre magi
  3 deep troll shamans
  2 satyrs (Shoals:4)
  2 death yaks (Shoals:3)
  A vampire mage (Vaults:2)
  2 deep troll earth magi
  2 orc high priests
  25 deep elf knights
  A tengu warrior (D:14)
  Nergalle (Orc:2)
  A soul eater (Vaults:2)
  2 fire crabs
  2 shadow wraiths
  A large abomination (Elf:1)
  2 wizards
  2 flayed ghosts
  8 sea snakes
  9 hill giants
  13 ironbrand convokers
  10 deep trolls
  A lindwurm (D:13)
  14 orc knights
  3 phantasmal warriors
  A necromancer (Vaults:4)
  A griffon (shapeshifter) (Vaults:5)
  47 deep elf magi
  12 fauns
  15 orb spiders
  29 wolf spiders
  12 orc sorcerers
  40 ugly things
  13 deep elf archers
  3 centaur zombies
  9 cyclopes
  3 shining eyes
  13 griffons
  A sphinx skeleton (Vaults:4)
  3 manticores
  11 hornets
  A moth of wrath (Spider:4)
  11 vault sentinels
  7 sirens
  2 black mambas
  3 elephants (Lair:5)
  Maurice (D:9)
  2 eyes of devastation
  2 torpor snails (Spider:1)
  A water nymph (Shoals:1)
  A human skeleton (Vaults:4)
  10 spiny frogs
  2 frost giant skeletons (Vaults:4)
  A gargoyle (D:15)
  A komodo dragon (shapeshifter) (Vaults:5)
  4 centaur skeletons
  8 freezing wraiths
  4 kobold demonologists
  A yaktaur (shapeshifter) (Vaults:1)
  32 yaktaurs
  3 komodo dragons
  A rime drake (Lair:5)
  8 demonic crawlers
  29 jumping spiders
  6 trolls
  31 merfolk
  A polar bear (Lair:4)
  22 two-headed ogres
  47 slime creatures
  A boulder beetle (shapeshifter) (Vaults:2)
  7 snapping turtles
  3 blink frogs (Lair:1)
  A raiju (shapeshifter) (Vaults:1)
  A snapping turtle (shapeshifter) (Vaults:5)
  A boulder beetle (Vaults:5)
  60 redbacks
  A spriggan (Lair:4)
  39 yaks
  2 shadows (D:11)
  An air elemental (Elf:2)
  34 tarantellas
  16 water elementals
  A wraith (D:14)
  A hog (Shoals:3)
  A tarantella (shapeshifter) (Vaults:2)
  4 basilisks
  2 fire elementals (Elf:1)
  3 wyverns
  5 golden eyes
  A yaktaur simulacrum (Vaults:4)
  2 hungry ghosts
  8 vampire mosquitoes
  16 hippogriffs
  6 wargs
  A steam dragon (D:12)
  A warg (shapeshifter) (Vaults:2)
  A giant eyeball (shapeshifter) (D:13)
  Duvessa (D:5)
  A hornet simulacrum (Vaults:1)
  15 water moccasins
  A sky beast (shapeshifter) (Elf:3)
  5 porcupines
  41 orc warriors
  8 sky beasts
  An ice beast (shapeshifter) (Vaults:3)
  4 ice beasts
  5 phantoms
  2 black bears
  A wasp (Spider:4)
  50 ogres
  6 eyes of draining
  8 wolves
  A boggart (shapeshifter) (Elf:2)
  4 boggarts (Vaults:2)
  14 centaurs
  A necrophage (D:11)
  6 crocodiles
  7 big kobolds
  2 earth elementals
  16 giant frogs
  6 scorpions
  Dowan (D:5)
  2 wyvern skeletons
  20 killer bees
  13 wights
  3 howler monkeys
  6 electric eels
  4 crimson imps
  A quasit (D:11)
  2 giant frog zombies
  9 hounds
  3 jellies
  18 orc priests
  Crazy Yiuf (D:2)
  A giant frog skeleton (D:9)
  Jessica (D:2)
  Ijyb (D:3)
  6 iguanas
  28 orc wizards
  10 worker ants
  Terence (D:3)
  22 sheep
  A hound zombie (D:5)
  A hound skeleton (D:11)
  3 worker ant zombies
  Robin (D:3)
  11 gnolls
  51 river rats
  11 adders
  7 shadow imps
  3 worms
  2 adder skeletons
  3 dart slugs
  5 giant geckos
  103 orcs
  4 ball pythons
  7 bats
  5 giant cockroaches
  8 goblins
  14 hobgoblins
  5 jackals
  4 quokkas
  A giant gecko skeleton (D:4)
  A giant gecko zombie (D:5)
  10 giant newts
  21 kobolds
  A quokka skeleton (D:10)
  7 rats
  A crawling corpse (Elf:1)
  3 fungi (Elf:3)
  3 plants
1682 creatures vanquished.

Vanquished Creatures (collateral kills)
  Jory (Vaults:3)
  A titan (Vaults:5)
  Polyphemus (Shoals:3)
  An acid blob (Slime:4)
  A tengu reaver (Vaults:5)
  An azure jelly (Slime:4)
  3 emperor scorpions
  A deep elf demonologist (Elf:1)
  An ettin (Vaults:5)
  A death ooze (Slime:4)
  A merfolk impaler (Shoals:1)
  A yaktaur captain (Vaults:5)
  2 ice dragons
  5 vault guards (Vaults:5)
  A great orb of eyes (Slime:1)
  A deep elf high priest (Elf:1)
  A catoblepas (Shoals:3)
  A death yak (Shoals:3)
  A deep troll (Vaults:5)
  3 deep elf archers
  A phantasmal warrior (Vaults:5)
  3 wolf spiders
  3 orb spiders
  A deep elf mage (Elf:1)
  3 orc sorcerers (Orc:2)
  A water nymph (Shoals:3)
  A kobold demonologist (Vaults:2)
  A yaktaur (Vaults:5)
  3 jumping spiders (Spider:4)
  3 merfolk
  4 blink frogs (Lair:5)
  4 slime creatures
  4 tarantellas (Spider:4)
  2 redbacks (Spider:4)
  3 water elementals
  An ogre (Depths:1)
  A crocodile (Lair:5)
  A giant frog (Lair:5)
  A jelly (Lair:5)
  4 orc wizards
  2 orcs (Elf:1)
  A crawling corpse (Elf:1)
77 creatures vanquished.

Vanquished Creatures (others)
  A deep elf elementalist (Elf:3)
  A deep elf high priest (Elf:3)
  A deep elf mage (Elf:1)
  2 merfolk
  A tarantella (Spider:2)
  5 humans (Shoals:3)
  2 centaurs
  2 orc wizards
  An orc (Elf:1)
  A kobold (D:7)
  9 fungi
  36 plants
  11 tentacles
  473 tentacle segments
546 creatures vanquished.

Grand Total: 2305 creatures vanquished

Notes
Turn   | Place    | Note
--------------------------------------------------------------
     0 | D:1      | yesno the Gargoyle Berserker began the quest for the Orb.
     0 | D:1      | Reached XP level 1. HP: 14/14 MP: 1/1
   230 | D:1      | Reached XP level 2. HP: 19/19 MP: 2/2
   677 | D:1      | Reached XP level 3. HP: 23/23 MP: 3/3
   876 | D:2      | Reached ** piety under Trog
   902 | D:2      | Noticed Jessica
   918 | D:2      | Killed Jessica
   918 | D:2      | Reached skill level 4 in Maces & Flails
   918 | D:2      | Reached XP level 4. HP: 25/28 MP: 4/4
  1249 | D:2      | Reached XP level 5. HP: 32/32 MP: 5/5
  1429 | D:2      | Noticed Crazy Yiuf
  1438 | D:2      | Killed Crazy Yiuf
  1438 | D:2      | Reached skill level 1 in Throwing
  1495 | D:3      | Noticed Ijyb
  1509 | D:3      | Killed Ijyb
  1514 | D:3      | Found a shattered altar of Ashenzari.
  1924 | D:3      | Reached *** piety under Trog
  1964 | D:3      | Noticed Robin
  1969 | D:3      | Reached skill level 5 in Maces & Flails
  1974 | D:3      | Killed Robin
  1974 | D:3      | Reached XP level 6. HP: 37/37 MP: 6/6
  2025 | D:3      | Noticed Terence
  2034 | D:3      | Killed Terence
  3005 | D:4      | Found a glowing silver altar of Zin.
  3006 | D:4      | Found an opulent altar of Gozag.
  3030 | D:5      | Entered Level 5 of the Dungeon
  3086 | D:5      | Reached XP level 7. HP: 28/41 MP: 7/7
  3171 | D:5      | Noticed Dowan
  3187 | D:5      | Killed Dowan
  3189 | D:5      | Noticed Duvessa
  3200 | D:5      | Killed Duvessa
  3209 | D:5      | Reached skill level 6 in Maces & Flails
  3536 | D:5      | Reached skill level 5 in Armour
  3536 | D:5      | Reached XP level 8. HP: 34/46 MP: 8/8
  3729 | D:5      | Reached **** piety under Trog
  4510 | D:6      | Reached skill level 7 in Maces & Flails
  5099 | D:7      | Found a hazy altar of Hepliaklqana.
  5255 | D:7      | Received a gift from Trog
  5342 | D:7      | Found a sacrificial altar of Ru.
  5353 | D:7      | Found a blossoming altar of Fedhas.
  5353 | D:7      | Found an ancient bone altar of Kikubaaqudgha.
  5367 | D:7      | Found a glowing golden altar of the Shining One.
  5451 | D:7      | Reached XP level 9. HP: 51/51 MP: 9/9
  5507 | D:7      | Found a staircase to the Ecumenical Temple.
  5516 | D:7      | Reached skill level 8 in Maces & Flails
  5605 | D:7      | Received a gift from Trog
  5983 | D:8      | Found a basalt altar of Yredelemnul.
  6252 | D:8      | Found a burning altar of Makhleb.
  6667 | D:8      | Reached skill level 9 in Maces & Flails
  6667 | D:8      | Reached skill level 5 in Throwing
  7153 | D:8      | Reached skill level 5 in Dodging
  7341 | D:9      | Noticed a troll
  7359 | D:9      | Killed a troll
  7359 | D:9      | Reached XP level 10. HP: 56/56 MP: 10/10
  7454 | D:9      | Noticed Maurice
  7469 | D:9      | Killed Maurice
  7529 | D:9      | Found Use Gead's Antique Weapon Shoppe.
  7533 | D:9      | Bought an ichor-stained flail for 195 gold pieces
  7533 | D:9      | Identified the cursed +1 flail "Wenn" {drain, MR+} (You bought it in a shop on level 9 of the Dungeon)
  7662 | D:9      | Reached skill level 10 in Maces & Flails
  7699 | D:9      | Reached ***** piety under Trog
  7972 | D:9      | Received a gift from Trog
  8141 | D:10     | Entered Level 10 of the Dungeon
  8600 | D:10     | Noticed a deep elf mage
  8600 | D:10     | Noticed a deep troll earth mage
  8634 | D:10     | Reached skill level 11 in Maces & Flails
  8634 | D:10     | Reached XP level 11. HP: 49/60 MP: 11/11
  8688 | D:10     | Killed a deep elf mage
  8735 | D:10     | Killed a deep troll earth mage
  9037 | D:9      | Bought a runed dire flail for 92 gold pieces
  9266 | D:11     | Noticed a hill giant
  9275 | D:11     | Killed a hill giant
  9450 | D:11     | Noticed a hill giant
  9456 | D:11     | Killed a hill giant
  9583 | D:11     | Noticed a hill giant
  9591 | D:11     | Killed a hill giant
  9591 | D:11     | Reached skill level 12 in Maces & Flails
  9737 | D:11     | Found a staircase to the Lair.
  9786 | Lair:1   | Entered Level 1 of the Lair of Beasts
  9899 | Lair:1   | Noticed Sonja
  9900 | Lair:1   | Noticed Sonja
  9900 | Lair:1   | Sonja changed into Sonja the ogre
  9907 | Lair:1   | Killed Sonja the ogre
  9907 | Lair:1   | Reached ****** piety under Trog
  9907 | Lair:1   | Received a gift from Trog
 10290 | Lair:1   | Reached XP level 12. HP: 59/64 MP: 12/12
 12190 | Lair:3   | Reached skill level 10 in Armour
 12205 | Lair:3   | You fall through a shaft for 2 floors!
 12229 | Lair:5   | Reached skill level 13 in Maces & Flails
 12267 | Lair:4   | Received a gift from Trog
 12274 | Lair:4   | Noticed Rupert
 12285 | Lair:4   | Killed Rupert
 12445 | Lair:4   | Found a hole to the Spider Nest.
 12565 | Lair:4   | Got a transparent amethyst amulet
 12567 | Lair:4   | Identified the amulet "Worphe" {+Rage MR+} (You found it on level 4 of the Lair of Beasts)
 13104 | Lair:5   | Reached XP level 13. HP: 47/68 MP: 13/13
 13289 | Lair:5   | Found a staircase to the Slime Pits.
 13873 | Lair:6   | Entered Level 6 of the Lair of Beasts
 13910 | Lair:6   | Received a gift from Trog
 13963 | Lair:6   | Reached skill level 14 in Maces & Flails
 15273 | Lair:1   | Received a gift from Trog
 15459 | D:11     | Found Vous's Jewellery Boutique.
 15815 | D:12     | Noticed moose's ghost (journeyman DsCK)
 15948 | D:12     | Received a gift from Trog
 15949 | D:12     | Got a jewelled great mace {god gift}
 15950 | D:12     | Identified the +12 great mace of the Lair of Beasts {freeze, Dex+4} (Trog gifted it to you on level 12 of the Dungeon)
 16079 | D:12     | Found a staircase to the Orcish Mines.
 16089 | D:12     | Found a roughly hewn altar of Beogh.
 16096 | Orc:1    | Entered Level 1 of the Orcish Mines
 16179 | Orc:2    | Entered Level 2 of the Orcish Mines
 16211 | Orc:1    | Noticed an orc warlord
 16366 | Orc:2    | Killed an orc warlord
 16366 | Orc:2    | Reached skill level 15 in Maces & Flails
 16480 | Orc:2    | Gained mutation: Your large and strong wings let you fly indefinitely. [Gargoyle growth]
 16480 | Orc:2    | Reached XP level 14. HP: 64/74 MP: 14/14
 16906 | Orc:1    | Received a gift from Trog
 17241 | Orc:2    | Found a roughly hewn altar of Beogh.
 17472 | Orc:2    | Found a staircase to the Elven Halls.
 17551 | Orc:2    | Found Jopistis's Distillery.
 17643 | Orc:2    | Found a radiant altar of Vehumet.
 17677 | Orc:2    | Found Fiuwameub's Gadget Boutique.
 17695 | Orc:2    | Noticed Nergalle
 17699 | Orc:2    | Found an ancient bone altar of Kikubaaqudgha.
 17702 | Orc:2    | Killed Nergalle
 17726 | Orc:2    | Found a roughly hewn altar of Beogh.
 17745 | Orc:2    | Received a gift from Trog
 17764 | Orc:2    | Found Dibram's Antique Armour Shop.
 17772 | Orc:2    | Bought a steaming chain mail for 351 gold pieces
 17784 | Orc:2    | Identified the cursed +0 chain mail of Hide-and-Seek {rF++ rN+++ MR- Int-2} (You bought it in a shop on level 2 of the Orcish Mines)
 17817 | Orc:2    | Found Daniligh's Distillery.
 17825 | Orc:2    | Bought a potion of mutation for 35 gold pieces
 17874 | Orc:2    | Bought a wand of heal wounds (6/9) for 960 gold pieces
 18121 | Spider:1 | Entered Level 1 of the Spider Nest
 18389 | Spider:1 | Received a gift from Trog
 18432 | Spider:1 | Reached skill level 16 in Maces & Flails
 18483 | Spider:1 | Noticed an emperor scorpion
 18506 | Spider:1 | Killed an emperor scorpion
 19242 | Spider:2 | Gained mutation: Your skin changes colour to match your surroundings (Stealth+). [potion of beneficial mutation]
 19487 | Spider:2 | Received a gift from Trog
 19490 | Spider:2 | Reached XP level 15. HP: 56/78 MP: 15/15
 19500 | Spider:2 | Reached skill level 17 in Maces & Flails
 19889 | Spider:2 | Got a heavily runed chain mail
 19913 | Spider:2 | Identified the +1 chain mail of Spring {Regen+ Str-3 Int-4 Dex+8} (You found it on level 2 of the Spider Nest)
 20348 | Spider:3 | Gained mutation: You have supernaturally acute eyesight. (SInv) [potion of beneficial mutation]
 20376 | Spider:3 | Noticed Jorgrun
 20406 | Spider:3 | Killed Jorgrun
 20491 | Spider:3 | Noticed an emperor scorpion
 20661 | Spider:3 | Killed an emperor scorpion
 20878 | Spider:4 | Entered Level 4 of the Spider Nest
 20911 | Spider:4 | Reached skill level 5 in Fighting
 21116 | Spider:4 | Received a gift from Trog
 21153 | Spider:4 | Reached skill level 18 in Maces & Flails
 21162 | Spider:4 | Noticed a ghost moth
 21171 | Spider:4 | Killed a ghost moth
 21225 | Spider:4 | Received a gift from Trog
 21233 | Spider:4 | Noticed an emperor scorpion
 21240 | Spider:4 | Killed an emperor scorpion
 21262 | Spider:4 | Noticed an emperor scorpion
 21266 | Spider:4 | Killed an emperor scorpion
 21425 | Spider:4 | Received a gift from Trog
 21432 | Spider:4 | Reached XP level 16. HP: 69/90 MP: 16/16
 21457 | Spider:4 | Noticed jerkstore's ghost (adept FoFi)
 21474 | Spider:4 | Killed jerkstore's ghost
 21673 | Spider:4 | Got a gossamer rune of Zot
 21881 | Lair:3   | Received a gift from Trog
 22048 | Lair:3   | Found a staircase to the Shoals.
 22180 | Shoals:1 | Entered Level 1 of the Shoals
 22233 | Shoals:1 | Reached skill level 15 in Armour
 22631 | Shoals:1 | Noticed Roxanne
 22663 | Shoals:1 | Reached skill level 19 in Maces & Flails
 22916 | Shoals:1 | Noticed a kraken
 22930 | Shoals:1 | Killed a kraken
 23270 | Shoals:2 | Received a gift from Trog
 23455 | Shoals:2 | Noticed a kraken
 23484 | Shoals:3 | Noticed Kirke
 23495 | Shoals:3 | Killed Kirke
 23495 | Shoals:3 | Received a gift from Trog
 23658 | Shoals:3 | Reached XP level 17. HP: 100/100 MP: 17/17
 23661 | Shoals:3 | Noticed Polyphemus
 23672 | Shoals:3 | Killed Polyphemus
 24155 | Shoals:4 | Entered Level 4 of the Shoals
 24330 | Shoals:4 | Reached skill level 10 in Fighting
 24442 | Shoals:4 | Reached skill level 20 in Maces & Flails
 24444 | Shoals:4 | Received a gift from Trog
 24572 | Shoals:4 | Received a gift from Trog
 24583 | Shoals:4 | Got a barnacled rune of Zot
 24673 | Shoals:2 | Noticed Aizul
 24976 | D:12     | Killed moose's ghost
 25025 | D:12     | Noticed Frances
 25200 | D:12     | Found a blossoming altar of Fedhas.
 25485 | D:13     | Received a gift from Trog
 25548 | D:13     | Found a gate to the Vaults.
 25560 | Vaults:1 | Entered Level 1 of the Vaults
 25636 | Vaults:1 | Got a wavering steel ring
 25714 | Vaults:1 | Received a gift from Trog
 25871 | Vaults:1 | Noticed Asterion
 25877 | Vaults:1 | Killed Asterion
 26096 | Vaults:1 | Received a gift from Trog
 26096 | Vaults:1 | Reached XP level 18. HP: 110/110 MP: 18/18
 26276 | Vaults:1 | Reached skill level 21 in Maces & Flails
 26339 | Vaults:1 | Received a gift from Trog
 26346 | Vaults:1 | Identified the ring "Deyfi" {SustAt Str+6} (You found it on level 1 of the Vaults)
 26700 | Vaults:1 | Noticed Saint Roka
 26717 | Vaults:1 | Killed Saint Roka
 26723 | Vaults:1 | Received a gift from Trog
 26865 | Vaults:1 | Received a gift from Trog
 27190 | Vaults:2 | Received a gift from Trog
 27395 | Vaults:2 | Found Legil's Jewellery Boutique.
 27474 | Vaults:2 | Found a staircase to the Crypt.
 27638 | Vaults:2 | Reached skill level 22 in Maces & Flails
 27997 | Vaults:2 | Received a gift from Trog
 28075 | Vaults:2 | Reached XP level 19. HP: 119/119 MP: 19/19
 28177 | Vaults:3 | Found a hide-covered altar of Uskayaw.
 28372 | Vaults:3 | Found Bytzo's Antique Weapon Boutique.
 28372 | Vaults:3 | Noticed Jory
 28385 | Vaults:3 | Killed Jory
 28385 | Vaults:3 | Received a gift from Trog
 29439 | Vaults:4 | Found Naowo's Magic Scroll Boutique.
 29444 | Vaults:4 | Bought a scroll of fog for 44 gold pieces
 29444 | Vaults:4 | Bought a scroll of fog for 44 gold pieces
 29444 | Vaults:4 | Bought a scroll of fear for 77 gold pieces
 29482 | Vaults:4 | Found Veyveunaa's Jewellery Boutique.
 29490 | Vaults:4 | Bought an uncursed ring of resist corrosion for 400 gold pieces
 29530 | Vaults:4 | Found Zafaoq's Book Emporium.
 29535 | Vaults:4 | Noticed Boris
 29895 | Vaults:4 | Killed Boris
 29982 | Vaults:4 | Reached skill level 10 in Dodging
 29994 | Vaults:4 | Received a gift from Trog
 30005 | Vaults:4 | Found Valluurph's Magic Scroll Emporium.
 30028 | Vaults:4 | Bought a scroll of silence for 142 gold pieces
 30028 | Vaults:4 | Bought a scroll of holy word for 142 gold pieces
 30337 | Vaults:4 | Found Tias's Antique Weapon Shop.
 30376 | Vaults:4 | Received a gift from Trog
 30826 | Vaults:5 | Entered Level 5 of the Vaults
 30834 | Vaults:5 | Noticed a tentacled monstrosity
 30934 | Vaults:5 | Reached XP level 20. HP: 59/128 MP: 20/20
 30963 | Vaults:5 | Received a gift from Trog
 31175 | Vaults:5 | Reached skill level 15 in Fighting
 31528 | Vaults:5 | Noticed a golden dragon
 31543 | Vaults:5 | Killed a golden dragon
 31571 | Vaults:5 | Received a gift from Trog
 31619 | Vaults:5 | Received a gift from Trog
 31949 | Vaults:5 | Identified a +5 rod of ignition (12/12) (You took it off a vault guard on level 5 of the Vaults)
 31996 | Vaults:5 | Received a gift from Trog
 32251 | Vaults:5 | Reached XP level 21. HP: 136/136 MP: 21/21
 32263 | Vaults:5 | Received a gift from Trog
 32358 | Vaults:5 | Received a gift from Trog
 32462 | Vaults:5 | Noticed a golden dragon
 33149 | Vaults:5 | Killed a golden dragon
 33202 | Vaults:5 | Got a silver rune of Zot
 33245 | Vaults:5 | Received a gift from Trog
 33704 | D:13     | Noticed Erolcha
 33713 | D:13     | Killed Erolcha
 34289 | D:14     | Received a gift from Trog
 34489 | D:15     | Entered Level 15 of the Dungeon
 34649 | D:15     | Found a staircase to the Depths.
 35062 | D:13     | Received a gift from Trog
 35214 | Slime:1  | Entered Level 1 of the Pits of Slime
 35216 | Slime:1  | Gained mutation: You are dopey. (Int -2) [a shining eye]
 35345 | Slime:2  | Reached XP level 22. HP: 141/145 MP: 22/22
 35349 | Slime:2  | Gained mutation: You are frail. (-10% HP) [a shining eye]
 35350 | Slime:2  | Gained mutation: You are weak. (Str -2) [a shining eye]
 35355 | Slime:2  | Gained mutation: Your body sometimes deteriorates upon taking damage. [a shining eye]
 35359 | Slime:2  | Lost mutation: You have supernaturally acute eyesight. (SInv) [a shining eye]
 35361 | Slime:2  | Lost mutation: You are frail. (-10% HP) [potion of cure mutation]
 35361 | Slime:2  | Lost mutation: Your skin changes colour to match your surroundings (Stealth+). [potion of cure mutation]
 35361 | Slime:2  | Lost mutation: You are weak. (Str -2) [potion of cure mutation]
 35361 | Slime:2  | Lost mutation: Your body sometimes deteriorates upon taking damage. [potion of cure mutation]
 35361 | Slime:2  | Lost mutation: You are dopey. (Int -2) [potion of cure mutation]
 35574 | Slime:3  | Gained mutation: You are frail. (-10% HP) [a shining eye]
 35577 | Slime:3  | Gained mutation: You are weak. (Str -2) [a shining eye]
 36306 | Slime:4  | Received a gift from Trog
 36625 | Slime:4  | Got a steaming great mace {god gift}
 36627 | Slime:4  | Identified the +6 great mace of Dadylaos {freeze, +Fly rC+} (Trog gifted it to you on level 4 of the Pits of Slime)
 37476 | Elf:1    | Entered Level 1 of the Elven Halls
 37587 | Elf:1    | Found an ancient bone altar of Kikubaaqudgha.
 37827 | Elf:1    | Received a gift from Trog
 38395 | Elf:2    | Found a huge runed gate.
 38395 | Elf:2    | Found a huge runed gate.
 38395 | Elf:2    | Found a huge runed gate.
 38395 | Elf:2    | Found a huge runed gate.
 38400 | Elf:2    | Found a huge runed gate.
 38693 | Elf:2    | Found Tuuppu's Magic Scroll Shoppe.
 38701 | Elf:2    | Bought a scroll of recharging for 190 gold pieces
 38701 | Elf:2    | Bought a scroll of blinking for 150 gold pieces
 38746 | Elf:2    | Received a gift from Trog
 39100 | Elf:3    | Entered Level 3 of the Elven Halls
 39479 | Elf:3    | Received a gift from Trog
 39765 | Elf:3    | Received a gift from Trog
 39930 | Elf:3    | Received a gift from Trog
 40158 | Elf:3    | Reached XP level 23. HP: 104/137 MP: 7/23
 40187 | Elf:3    | HP: 3/137 [deep elf high priest/divine providence (16)]
 40275 | Elf:3    | Received a gift from Trog
 40381 | Elf:3    | Received a gift from Trog
 41200 | Depths:1 | Entered Level 1 of the Depths
 41233 | Depths:1 | Received a gift from Trog
 41264 | Depths:1 | HP: 3/137 [titanic slime creature (47)]
 41264 | Depths:1 | Mangled by an ogre

Vault maps used:
D:1:      ncdulo_lavacross
D:2:      due_unseen_surprise, uniq_jessica, uniq_crazy_yiuf_cottage
D:3:      evilmike_ruin_ashenzari, first_bread, minmay_misc_feat_doors,
          uniq_robin, uniq_iyjb, uniq_terence
D:4:      grunt_temple_overflow_gold_and_silver
D:5:      uniq_duvessa
D:7:      kennysheep_mini_moat, grunt_temple_overflow_cloverleaf,
          minmay_temple_entry_hall
D:8:      lemuel_doored_altar, bloody_makhleb
D:9:      serial_shops, shop, blue_anna_alchemist, uniq_maurice
D:10:     onia_ninara_dug_in_and_dangerous
D:11:     dpeg_oklobed_lair, serial_shops, kennysheep_little_box, st_stairs_2
D:12:     minmay_orc_entry_temple_small, fedhas_altar_2, uniq_frances
D:13:     david_vaults_4, uniq_erolcha
D:14:     dk_noncrumbling_4
D:15:     grunt_enter_depths_snipers
Lair:1:   uniq_sonja
Lair:2:   minmay_lair_oklob_items
Lair:3:   elwin_shoals_entry_stream
Lair:4:   spider_nest_entry_rubble, grunt_forest_stairs_clearing,
          grunt_megastairs_5, infiniplex_staircase_pool_2, uniq_rupert
Lair:5:   minmay_slime_entry_pillars, grunt_megastairs_3
Lair:6:   due_jungle_book, bh_autumn_forest_stairs, grunt_megastairs_4,
          lemuel_fruit_fields
Shoals:1: nicolae_shoals_this_corrosion, uniq_roxanne
Shoals:2: uniq_aizul
Shoals:3: uniq_polyphemus, uniq_kirke
Shoals:4: shoals_end_grunt_garden, shoals_ilsuiw_alternative
Spider:1: spiders_nest_wasp_nest, hangedman_spider_tarantella_strand
Spider:3: nicolae_spider_cling_halls, uniq_jorgrun
Spider:4: grunt_spider_rune_parallel
Slime:4:  hangedman_slime_spill
Orc:1:    guppyfry_library_mini
Orc:2:    kennysheep_orc_mage_school, special_room, kennysheep_orc_chapel
Elf:1:    elf_arrival_001, orc_legates, david_defended_altar_elf
Elf:2:    serial_shops, nicolae_shop_stone
Elf:3:    elf_hall, special_room, st_stairs_3, hangedman_elf_power_crystal
Vaults:1: grunt_vaults_focal, nicolae_vaults_network_quinsquares,
          grunt_vaults_diagonal, v_misc_18, vaults_room_fancy_cross,
          vaults_room_grunt_arrival_checkpoint, v_rooms_3,
          hangedman_vaults_pinch, v_misc_13, vaults_dpeg_encased_lava,
          grunt_vaults_hallway_short, uniq_saint_roka, uniq_asterion
Vaults:2: ontoclasm_vaults_chip, v_misc_26, minmay_crypt_entry_simple_plaza,
          v_misc_4, v_pattern_5, vaults_room_large_hall, v_misc_30,
          vaults_room_mumra_shop_pool, hangedman_vaults_restitches,
          nicolae_vaults_little_squares_5
Vaults:3: v_misc_27, ontoclasm_vaults_hangar, ontoclasm_vaults_twist,
          nicolae_vaults_specimen_jars, nicolae_vaults_meeting,
          nicolae_vaults_windows_and_doors_thing, hangedman_vaults_hat,
          ontoclasm_vaults_loading_screen, nicolae_vaults_yaktaur_gun_rack,
          nicolae_vaults_little_squares_5, vaults_room_pool, serial_shops,
          shop_statue, basic_altar, uniq_jory
Vaults:4: v_misc_26, ontoclasm_vaults_misaligned, v_misc_30,
          vaults_mumra_chevron, nicolae_vaults_display_case, v_rooms_5,
          nicolae_vaults_little_squares_3, serial_shops,
          nicolae_shop_waterfront, nicolae_shop_crystal, shop, shop, shop,
          uniq_boris
Depths:1: enter_ziggurat_a, minmay_misc_feat_rows, hellmouth_3,
          hangedman_cracks_in_the_wall, uniq_sojobo

Skill      XL: |  1  2  3  4  5  6  7  8  9 10 11 12 13 14 15 16 17 18 19 20 21 22 |
---------------+-------------------------------------------------------------------+-----
Armour         | 3 4 5 6 7 8 9 10 11 13 14 15 16 17 18 19 20 | 20.9
Maces & Flails | 4 5 6 7 9 11 12 13 15 16 18 19 20 22 | 22.2
Throwing       | 1 2 3 4 5 6 7 8 9 |  9.8
Dodging        | 2 3 4 5 6 7 8 9 10 12 13 14 | 14.5
Fighting       | 6 9 11 13 14 16 17 18 | 18.9

Action                   |  1- 3 |  4- 6 |  7- 9 | 10-12 | 13-15 | 16-18 | 19-21 | 22-24 || total
-------------------------+-------+-------+-------+-------+-------+-------+-------+-------++-------
Melee: Mace              |    74 |   274 |   455 |    30 |       |       |       |       ||   833
       Flail             |       |       |       |   624 |       |       |       |       ||   624
       Morningstar       |       |       |       |   494 |   532 |       |       |       ||  1026
       Great mace        |       |       |       |       |   736 |  1215 |  1105 |   832 ||  3888
Throw: Javelin           |       |       |       |       |    30 |    43 |    10 |     5 ||    88
       Tomahawk          |       |       |       |       |       |     8 |       |       ||     8
Invok: Berserk           |     1 |     4 |     5 |     8 |     8 |     6 |     5 |     2 ||    39
       Burn Spellbooks   |       |     1 |       |     4 |     5 |     3 |       |       ||    13
       Trog's Hand       |       |       |       |     1 |     5 |     6 |     2 |     8 ||    22
       Brothers in Arms  |       |       |       |     1 |     5 |    18 |    14 |    11 ||    49
 Abil: Fly               |       |       |       |       |     1 |       |       |       ||     1
       Stop Flying       |       |       |       |       |       |       |     1 |       ||     1
Evoke: Wand              |       |       |     1 |     3 |     5 |     9 |    18 |    15 ||    51
       Box of beasts     |       |       |       |     1 |       |       |       |       ||     1
  Use: Scroll            |       |     6 |     3 |    23 |    10 |    12 |    17 |     9 ||    80
       Potion            |       |       |     5 |       |     4 |     4 |     2 |    22 ||    37
 Stab: Distracted        |       |       |       |     1 |     1 |     1 |     4 |     1 ||     8
       Invisible         |       |       |       |       |       |     7 |       |       ||     7
  Eat: Chunk             |       |    13 |     5 |    17 |    18 |    16 |     6 |     4 ||    79
       Meat ration       |       |       |     3 |     2 |     3 |     2 |     4 |     1 ||    15
       Beef jerky        |       |       |       |     4 |       |       |     1 |     3 ||     8
       Bread ration      |       |       |       |     2 |     1 |     2 |     2 |     2 ||     9
       Pizza             |       |       |       |     2 |       |     2 |     2 |     1 ||     7
       Fruit             |       |       |       |     2 |     4 |       |       |       ||     6
Armor: Leather armour    |    36 |    36 |       |       |       |       |       |       ||    72
       Animal skin       |     3 |       |       |       |       |       |       |       ||     3
       Scale mail        |       |    56 |       |       |       |       |       |       ||    56
       Chain mail        |       |    62 |   298 |   471 |   681 |   788 |   555 |   411 ||  3266
       Skin              |       |       |       |     3 |       |       |       |       ||     3
       Plate armour      |       |       |       |   192 |   319 |       |       |       ||   511
Dodge: Dodged            |    72 |   171 |   183 |   517 |   946 |   830 |   522 |   485 ||  3726
Block: Buckler           |       |       |    78 |   304 |       |       |       |       ||   382
       Reflection        |       |       |     7 |     5 |       |       |       |       ||    12
